[Event "Skalica Rapid 2020"]
[Site "Skalica"]
[Date "2020.08.29"]
[Round "1.1"]
[White "Bidulsky, Matej"]
[Black "Kubat, Pavel"]
[Result "1-0"]
[ECO "B57"]
[WhiteElo "1548"]
[BlackElo "2066"]
[Annotator "ChessBase"]
[PlyCount "122"]
[EventDate "2020.08.29"]
[EventType "swiss"]
[EventCountry "SVK"]
[SourceTitle "playchess.com"]
[Source "ChessBase"]
[SourceQuality "1"]
[TimeControl "600+5"]

1. e4 c5 2. Bc4 Nc6 3. Nf3 d6 4. d4 cxd4 5. Nxd4 Nf6 6. Nc3 g6 7. O-O Bg7 8. Re1 O-O 9. h3 Bd7 10. Nf3 Rc8 11. Bb5 a6 12. Ba4 b5 13. Bb3 Ne8 14. Nd5 Nc7 15. c3 Ne6 16. Ng5 h6 17. Nf3 Nc5 18. Bc2 Kh7 19. Be3 Na5 20. b4 e6 21. Nf4 Ncb7 22. bxa5 Bxc3 23. Qd3 Bxa1 24. Rxa1 e5 25. Nd5 Nc5 26. Qd2 g5 27. Nb6 Rc6 28. Bxc5 Rxc5 29. Qxd6 Rxc2 30. Nxd7 Kg7 31. Qxf8+ Qxf8 32. Nxf8 Kxf8 33. Nxe5 Ke7 34. Ng4 Rc4 35. f3 h5 36. Ne3 Ra4 37. Kf2 Rxa5 38. Ke2 b4 39. Nd5+ Ke6 40. Nxb4 Ra4 41. Nd3 Ra3 42. Kd2 f5 43. Kc2 g4 44. hxg4 hxg4 45. fxg4 fxe4 46. Nc5+ Kd5 47. Nb3 Ke5 48. Kb2 Ra4 49. Re1 Kf4 50. Nc5 Rb4+ 51. Kc3 a5 52. Rxe4+ Rxe4 53. Nxe4 Kxe4 54. Kc4 Kf4 55. Kb5 Kxg4 56. Kxa5 Kg3 57. Kb6 Kxg2 58. a4 Kf3 59. a5 Ke4 60. a6 Kd5 61. a7 Kd4 1-0

[Event "Skalica Rapid 2020"]
[Site "Skalica"]
[Date "2020.08.29"]
[Round "1.3"]
[White "Striskova, Lucia"]
[Black "Vadila, Ondrej"]
[Result "1/2-1/2"]
[ECO "B35"]
[WhiteElo "1706"]
[BlackElo "2057"]
[Annotator "ChessBase"]
[PlyCount "116"]
[EventDate "2020.08.29"]
[EventType "swiss"]
[EventCountry "SVK"]
[SourceTitle "playchess.com"]
[Source "ChessBase"]
[SourceQuality "1"]
[TimeControl "600+5"]

1. e4 c5 2. Nf3 g6 3. d4 cxd4 4. Nxd4 Bg7 5. Be3 Nc6 6. Nc3 Nf6 7. Bc4 Qa5 8. f3 Qb4 9. Nxc6 Qxc4 10. Na5 Qa6 11. Nb3 d6 12. Qe2 Qxe2+ 13. Kxe2 O-O 14. Rad1 Be6 15. Rd2 Nd7 16. Nd4 Bc4+ 17. Kf2 Rac8 18. b3 Ba6 19. Nd5 Rfe8 20. c4 b6 21. Nc2 Bb7 22. Bg5 Kf8 23. Ncb4 Nc5 24. Nd3 Ne6 25. Be3 Kg8 26. N3f4 Nc5 27. Ne2 Rcd8 28. Bg5 Rd7 29. h4 h6 30. Be3 Red8 31. h5 g5 32. Bd4 Bf8 33. Ng3 Ne6 34. Bc3 Bxd5 35. exd5 Nf4 36. Nf5 e6 37. dxe6 fxe6 38. Ne3 d5 39. cxd5 Nxd5 40. Nxd5 Rxd5 41. Rxd5 Rxd5 42. Re1 Kf7 43. Re4 Bc5+ 44. Ke2 b5 45. Be1 Bb6 46. Bf2 Bxf2 47. Kxf2 Rd2+ 48. Re2 Rxe2+ 49. Kxe2 Kf6 50. Ke3 Ke5 51. g3 a5 52. a3 a4 53. b4 Kd5 54. Kd3 Ke5 55. Ke3 Kd5 56. Kd3 Ke5 57. Ke3 Kd5 58. Kd3 Ke5 1/2-1/2

[Event "Skalica Rapid 2020"]
[Site "Skalica"]
[Date "2020.08.29"]
[Round "1.8"]
[White "Pniaczek, Marek"]
[Black "Gurevich, Michele"]
[Result "1-0"]
[ECO "C43"]
[WhiteElo "1969"]
[BlackElo "1107"]
[Annotator "ChessBase"]
[PlyCount "67"]
[EventDate "2020.08.29"]
[EventType "swiss"]
[EventCountry "SVK"]
[SourceTitle "playchess.com"]
[Source "ChessBase"]
[SourceQuality "1"]
[TimeControl "600+5"]

1. e4 e5 2. Nf3 Nf6 3. d4 exd4 4. e5 Qe7 5. Qxd4 Nc6 6. Qf4 d6 7. Bb5 Nd5 8. Qe4 Qe6 9. O-O Be7 10. Nd4 Nf6 11. Bxc6+ Bd7 12. exf6 Qxe4 13. Bxe4 Bxf6 14. c3 c5 15. Nf5 Bxf5 16. Bxf5 O-O 17. Bf4 Rad8 18. Nd2 Rfe8 19. Ne4 Be7 20. Rfe1 Bf8 21. Nd2 Be7 22. Kf1 g6 23. Bd3 a6 24. c4 d5 25. cxd5 Rxd5 26. Bc4 Rd4 27. Be3 Rdd8 28. a4 Rc8 29. Ne4 Bf8 30. Nf6+ Kg7 31. Nxe8+ Rxe8 32. Bh6+ Kg8 33. Rxe8 Kh8 34. Rxf8# 1-0

[Event "Skalica Rapid 2020"]
[Site "Skalica"]
[Date "2020.08.29"]
[Round "1.9"]
[White "Dubanova, Kristina"]
[Black "Beres, Dominik"]
[Result "0-1"]
[ECO "B10"]
[WhiteElo "1128"]
[BlackElo "1988"]
[Annotator "ChessBase"]
[PlyCount "63"]
[EventDate "2020.08.29"]
[EventType "swiss"]
[EventCountry "SVK"]
[SourceTitle "playchess.com"]
[Source "ChessBase"]
[SourceQuality "1"]
[TimeControl "600+5"]

1. e4 c6 2. Nf3 d6 3. Nc3 Qc7 4. Bc4 b5 5. Bb3 Nf6 6. d3 b4 7. Ne2 h6 8. Ng3 e5 9. Be3 Nbd7 10. O-O Nc5 11. Bxc5 dxc5 12. h3 Be7 13. Re1 O-O 14. c3 a5 15. d4 cxd4 16. cxd4 Bd6 17. Rc1 Bd7 18. Qd2 Rad8 19. a3 Rfe8 20. d5 c5 21. Rc2 a4 22. Bc4 Rb8 23. Qd3 Qa5 24. Qd2 Bb5 25. Bxb5 Qxb5 26. Rcc1 bxa3 27. bxa3 c4 28. Qc3 Rec8 29. Qc2 Qb3 30. Qd2 Bxa3 31. Rcd1 c3 32. Qd3 0-1

[Event "Skalica Rapid 2020"]
[Site "Skalica"]
[Date "2020.08.29"]
[Round "1.13"]
[White "Matejovic, Juraj"]
[Black "Gzib, David"]
[Result "1-0"]
[ECO "B87"]
[WhiteElo "2219"]
[BlackElo "1770"]
[Annotator "ChessBase"]
[PlyCount "31"]
[EventDate "2020.08.29"]
[EventType "swiss"]
[EventCountry "SVK"]
[SourceTitle "playchess.com"]
[Source "ChessBase"]
[SourceQuality "1"]
[TimeControl "600+5"]

1. e4 c5 2. Nf3 d6 3. d4 cxd4 4. Nxd4 Nf6 5. Nc3 a6 6. Bc4 e6 7. Bb3 b5 8. Bg5 Be7 9. Qf3 Bb7 10. Bxe6 fxe6 11. Nxe6 Qd7 12. Nxg7+ Kf7 13. Nf5 d5 14. O-O-O Kg6 15. Qg3 Bd6 16. Bf4+ 1-0

[Event "Skalica Rapid 2020"]
[Site "Skalica"]
[Date "2020.08.29"]
[Round "1.17"]
[White "Pekar Matus"]
[Black "Skreno Vladimir"]
[Result "0-1"]
[ECO "B22"]
[WhiteElo "1575"]
[BlackElo "2089"]
[Annotator "ChessBase"]
[PlyCount "64"]
[EventDate "2020.08.29"]
[EventType "swiss"]
[EventCountry "SVK"]
[SourceTitle "playchess.com"]
[Source "ChessBase"]
[SourceQuality "1"]
[TimeControl "600+5"]

1. e4 c5 2. c3 Nf6 3. e5 Nd5 4. d4 cxd4 5. Nf3 e6 6. cxd4 Nc6 7. Be2 d6 8. Nc3 Nxc3 9. bxc3 dxe5 10. Be3 exd4 11. Nxd4 Be7 12. O-O O-O 13. Nxc6 bxc6 14. Qc2 g6 15. Rfe1 Bf6 16. Bd3 Qc7 17. Rad1 Bb7 18. Bf1 c5 19. Rd2 Be5 20. g3 Qc6 21. f3 Rfd8 22. Red1 Rxd2 23. Rxd2 Qxf3 24. Bxc5 Qh1+ 25. Kf2 Qxh2+ 26. Ke1 Qxg3+ 27. Bf2 Qxc3 28. Qb1 Rd8 29. Bd3 Bf4 30. Qc2 Bxd2+ 31. Qxd2 Qxd2+ 32. Kxd2 Ba6 0-1

[Event "Skalica Rapid 2020"]
[Site "Skalica"]
[Date "2020.08.29"]
[Round "2.2"]
[White "Cedzo, Adam"]
[Black "Panko, Radoslav"]
[Result "0-1"]
[ECO "C01"]
[WhiteElo "1585"]
[BlackElo "2039"]
[Annotator "ChessBase"]
[PlyCount "90"]
[EventDate "2020.08.29"]
[EventType "swiss"]
[EventCountry "SVK"]
[SourceTitle "playchess.com"]
[Source "ChessBase"]
[SourceQuality "1"]
[TimeControl "600+5"]

1. e4 e6 2. d4 d5 3. exd5 exd5 4. Nf3 Nc6 5. Bf4 Bg4 6. Bb5 Bd6 7. Bxd6 Qxd6 8. Bxc6+ bxc6 9. c3 Ne7 10. Nbd2 Rb8 11. Qc2 Qe6+ 12. Kd1 O-O 13. Re1 Qd6 14. h3 Bf5 15. Qc1 c5 16. dxc5 Qxc5 17. Nb3 Qd6 18. Nbd4 c5 19. Nxf5 Nxf5 20. Qd2 d4 21. Re5 Rxb2 22. Qd3 dxc3 23. Rd5 Qg6 24. Rxf5 Qxg2 25. Ne1 Qb7 26. Rxc5 Rd2+ 27. Qxd2 cxd2 28. Kxd2 Qb2+ 29. Nc2 Rd8+ 30. Ke2 Qb7 31. Rc1 g6 32. Ne3 Qa6+ 33. Kf3 Qxa2 34. h4 h5 35. R1c2 Qa6 36. Nd5 Qd3+ 37. Ne3 Rd7 38. R2c3 Qd4 39. R3c4 Qf6+ 40. Ke2 Qd6 41. Kf3 Qd3 42. Rc3 Qf1 43. R5c4 Qh3+ 44. Ke2 Re7 45. Ra4 f5 0-1

[Event "Skalica Rapid 2020"]
[Site "Skalica"]
[Date "2020.08.29"]
[Round "2.3"]
[White "Pechac Jergus"]
[Black "Jablonicky Frantisek"]
[Result "1-0"]
[ECO "A87"]
[WhiteElo "2430"]
[BlackElo "2038"]
[Annotator "ChessBase"]
[PlyCount "61"]
[EventDate "2020.08.29"]
[EventType "swiss"]
[EventCountry "SVK"]
[SourceTitle "playchess.com"]
[Source "ChessBase"]
[SourceQuality "1"]
[TimeControl "600+5"]

1. d4 f5 2. g3 Nf6 3. Bg2 g6 4. Nf3 Bg7 5. O-O O-O 6. c4 d6 7. Nc3 Qe8 8. b3 e5 9. dxe5 dxe5 10. e4 Nc6 11. Nd5 Rf7 12. exf5 gxf5 13. Bb2 e4 14. Ng5 Nxd5 15. cxd5 Bxb2 16. Nxf7 Bxa1 17. Qxa1 Kxf7 18. dxc6 Qxc6 19. Rc1 Qd7 20. Rd1 Qe8 21. Qc1 Qe7 22. Qf4 Kg6 23. g4 Be6 24. gxf5+ Bxf5 25. Kh1 Rg8 26. Rc1 Rc8 27. Rg1 Kf6 28. Bh3 Qe5 29. Qh6+ Ke7 30. Rg7+ Ke8 31. Qh5+ 1-0

[Event "Skalica Rapid 2020"]
[Site "Skalica"]
[Date "2020.08.29"]
[Round "2.3"]
[White "Sobek, Michal"]
[Black "Pekar, Matus"]
[Result "1-0"]
[ECO "B01"]
[WhiteElo "2113"]
[BlackElo "1575"]
[Annotator "ChessBase"]
[PlyCount "43"]
[EventDate "2020.08.29"]
[EventType "swiss"]
[EventCountry "SVK"]
[SourceTitle "playchess.com"]
[Source "ChessBase"]
[SourceQuality "1"]
[TimeControl "600+5"]

1. e4 d5 2. exd5 Nf6 3. d4 Nxd5 4. c4 Nf6 5. Nf3 Bf5 6. Nc3 e6 7. Be2 Be7 8. O-O h6 9. b3 O-O 10. Bb2 c6 11. Rc1 Nbd7 12. Re1 Re8 13. d5 cxd5 14. cxd5 exd5 15. Nxd5 Nxd5 16. Qxd5 Bg6 17. Red1 Bf6 18. Bxf6 Nxf6 19. Qxb7 Qa5 20. Bc4 Qxa2 21. Ne5 Rf8 22. Nxg6 1-0

[Event "Skalica Rapid 2020"]
[Site "Skalica"]
[Date "2020.08.29"]
[Round "2.4"]
[White "Tupy, Emil"]
[Black "Stevik, Patrik"]
[Result "0-1"]
[ECO "A05"]
[WhiteElo "1538"]
[BlackElo "1895"]
[Annotator "NA"]
[PlyCount "76"]
[EventDate "2020.08.29"]
[EventType "swiss"]
[EventCountry "SVK"]
[SourceTitle "playchess.com"]
[Source "ChessBase"]
[SourceQuality "1"]
[TimeControl "600+5"]

1. Nf3 Nf6 2. d4 e6 3. Bf4 b6 4. g3 Bb7 5. Bg2 Be7 6. O-O O-O 7. Nc3 c5 8. e3 d5 9. Re1 Nbd7 10. Nb5 a6 11. Nc3 b5 12. a3 Rc8 13. Ne5 $17 Nb6 14. h4 Nc4 15. Nxc4 bxc4 16. Bg5 Qb6 17. Qd2 Bc6 18. Rab1 Rb8 19. dxc5 Qxc5 20. b4 cxb3 21. Rxb3 Rxb3 22. cxb3 Qxa3 23. Qc2 h6 24. Bf4 Rc8 25. Nb1 Qa5 26. Rc1 Ne4 27. Bxe4 dxe4 28. Qd1 Rd8 29. Qg4 Bd5 30. Nc3 Rc8 31. Ne2 Rxc1+ 32. Nxc1 Qe1+ 33. Kg2 Qxc1 34. Bxh6 Bf6 35. Bg5 Qc3 36. Bxf6 Qxf6 37. h5 Bxb3 38. Qxe4 Bd5 0-1

[Event "Skalica Rapid 2020"]
[Site "Skalica"]
[Date "2020.08.29"]
[Round "2.5"]
[White "Manik Mikulas"]
[Black "Havelka Ondrej"]
[Result "1-0"]
[ECO "C11"]
[WhiteElo "2313"]
[BlackElo "1997"]
[Annotator "ChessBase"]
[PlyCount "43"]
[EventDate "2020.08.29"]
[EventType "swiss"]
[EventCountry "SVK"]
[SourceTitle "playchess.com"]
[Source "ChessBase"]
[SourceQuality "1"]
[TimeControl "600+5"]

1. e4 e6 2. d4 d5 3. Nc3 Nf6 4. e5 Nfd7 5. f4 c5 6. Nf3 Nc6 7. Be3 a6 8. Qd2 b5 9. dxc5 Bxc5 10. Bxc5 Nxc5 11. Qf2 Qb6 12. Bd3 b4 13. Ne2 a5 14. O-O Ba6 15. f5 Bxd3 16. cxd3 Rb8 17. Nf4 Ne7 18. Rac1 Nd7 19. fxe6 fxe6 20. Nd4 Nxe5 21. Nfxe6 g6 22. Qf6 1-0

[Event "Skalica Rapid 2020"]
[Site "Skalica"]
[Date "2020.08.29"]
[Round "2.5"]
[White "Grieve, Harry"]
[Black "Sperat Czar, Nicolas"]
[Result "1-0"]
[ECO "A45"]
[WhiteElo "1887"]
[BlackElo "1737"]
[Annotator "NA RC"]
[PlyCount "79"]
[EventDate "2020.08.29"]
[EventType "swiss"]
[EventCountry "SVK"]
[SourceTitle "playchess.com"]
[Source "ChessBase"]
[SourceQuality "1"]
[TimeControl "600+5"]

1. d4 Nf6 2. Bg5 d5 3. Bxf6 exf6 4. e3 Bd6 5. g3 O-O 6. Bg2 {[%emt 0:00:01] D00: 1 d4 d5: Unusual lines.} c6 7. Ne2 Bf5 8. O-O Nd7 9. b3 Re8 10. c4 dxc4 11. bxc4 {[%emt 0:00:02] [#]} Nf8 $146 ({Predecessor:} 11... Be4 12. Bxe4 Rxe4 13. Nbc3 Re8 14. Rb1 b6 15. a4 f5 16. a5 bxa5 17. Qd3 g6 {1-0 (36) Grieve,H (2292)-Dijksterhuis,R (1958) Vale 2018}) 12. Nbc3 Qd7 13. Qb3 Rab8 14. Rfc1 h5 15. a4 h4 16. a5 Bh3 17. Bh1 Ne6 18. Qa4 Ng5 19. c5 Bc7 20. a6 Qg4 21. Qd1 hxg3 22. hxg3 $17 (22. Nxg3 $142 Qh4 23. axb7) 22... Rxe3 23. fxe3 Bxg3 24. Nf4 Qh4 25. Ra2 Bxf4 26. exf4 Qg3+ 27. Bg2 Bg4 28. fxg5 Bxd1 29. Nxd1 Qxg5 30. Rac2 bxa6 31. d5 cxd5 32. c6 d4 33. c7 Rc8 34. Nf2 Qe3 35. Bh3 d3 36. Bxc8 dxc2 37. Rxc2 Qb3 38. Bf5 Qg3+ 39. Kf1 Qxc7 40. Rxc7 1-0

[Event "Skalica Rapid 2020"]
[Site "Skalica"]
[Date "2020.08.29"]
[Round "2.6"]
[White "Valenta Vit"]
[Black "Jablonicky Martin"]
[Result "1-0"]
[ECO "A00"]
[WhiteElo "1994"]
[BlackElo "2290"]
[Annotator "ChessBase"]
[PlyCount "101"]
[EventDate "2020.08.29"]
[EventType "swiss"]
[EventCountry "SVK"]
[SourceTitle "playchess.com"]
[Source "ChessBase"]
[SourceQuality "1"]
[TimeControl "600+5"]

1. b4 d5 2. Bb2 Qd6 3. a3 e5 4. d3 Be6 5. Nf3 Nd7 6. Nbd2 Ngf6 7. c4 c6 8. e4 d4 9. Be2 Be7 10. O-O Nh5 11. Nxd4 Nf4 12. Nxe6 fxe6 13. g3 Nxd3 14. Bxd3 Qxd3 15. Nf3 Qxe4 16. Re1 Qxc4 17. Qxd7+ Kxd7 18. Nxe5+ Ke8 19. Nxc4 Kf7 20. Ne5+ Ke8 21. Nf3 Kf7 22. Rad1 Rhd8 23. Kf1 a5 24. Rxd8 Bxd8 25. Bc3 axb4 26. axb4 Be7 27. Ne5+ Ke8 28. Nc4 Kf7 29. Ke2 Ra4 30. Rb1 g6 31. Rb3 Ra2+ 32. Kf3 Ke8 33. Be5 Ra4 34. Nd6+ Kd7 35. Nxb7 Bxb4 36. Nd6 c5 37. Nc4 Kc6 38. Ne3 Kb5 39. Nc2 Kc4 40. Rb1 Kd3 41. Nxb4+ cxb4 42. Bd6 Kc4 43. Rxb4+ Rxb4 44. Bxb4 Kxb4 45. Ke4 Kc3 46. Ke5 Kd3 47. Kxe6 Ke4 48. f4 Kf3 49. Kf6 Kg2 50. g4 Kxh2 51. f5 1-0

[Event "Skalica Rapid 2020"]
[Site "Skalica"]
[Date "2020.08.29"]
[Round "2.6"]
[White "Meszaros, Casey Ryan"]
[Black "Chlpek, Daniel"]
[Result "0-1"]
[ECO "B13"]
[WhiteElo "1478"]
[BlackElo "1879"]
[Annotator "NA"]
[PlyCount "92"]
[EventDate "2020.08.29"]
[EventType "swiss"]
[EventCountry "SVK"]
[SourceTitle "playchess.com"]
[Source "ChessBase"]
[SourceQuality "1"]
[TimeControl "600+5"]

1. e4 c6 2. d4 d5 3. exd5 cxd5 4. c4 Nf6 5. Nc3 Nc6 6. Nf3 Bg4 7. Be2 e6 8. c5 Be7 {[%emt 0:00:05] B13: Caro-Kann: Exchange Variation and Panov-Botvinnik Attack.} 9. O-O O-O 10. h3 Bh5 ({Better is} 10... Bxf3 $15 11. Bxf3 b6) 11. a3 Ne4 {[%emt 0:00:05] [#]} 12. Ne5 $146 ({Predecessor:} 12. Bf4 g5 13. Bh2 f5 14. Ne5 Bxe2 15. Nxe2 f4 16. Nxc6 bxc6 17. Nc3 e5 18. Nxe4 dxe4 19. dxe5 Qxd1 20. Rfxd1 Bxc5 {½-½ (39) Arnaez Gil,I (2231)-Cifuentes Parada,R (2526) Pais Vasco 2009}) 12... Bxe2 13. Qxe2 Nxd4 14. Qg4 Nxc3 15. bxc3 Nb3 16. Rb1 Nxc1 17. Rfxc1 Qc7 18. Nd3 Bf6 19. c4 dxc4 20. Rxc4 Rfd8 21. Nf4 Be7 22. Re1 Kh8 23. Rc3 g6 24. h4 Bxc5 25. Qg5 Bxf2+ 26. Kxf2 Qxc3 27. h5 Rac8 28. h6 Qc5+ 29. Qxc5 Rxc5 30. Rb1 b6 31. a4 Rc4 32. Ne2 Rxa4 33. Rc1 Kg8 34. Ng3 Ra2+ 35. Kg1 Rad2 36. Kh2 R2d4 37. Rc7 a5 $19 38. Rb7 a4 39. Rxb6 Ra8 40. Rb1 a3 41. Ra1 a2 42. Ne2 Rd2 43. Nc3 Rc2 44. Ne4 Rb2 45. Kg3 Rb1 46. Nf6+ Kh8 0-1

[Event "Skalica Rapid 2020"]
[Site "Skalica"]
[Date "2020.08.29"]
[Round "2.7"]
[White "Nemsak, Denis"]
[Black "Fajtakova, Silvia"]
[Result "1-0"]
[ECO "A34"]
[WhiteElo "1869"]
[BlackElo "1509"]
[Annotator "NA"]
[PlyCount "71"]
[EventDate "2020.08.29"]
[EventType "swiss"]
[EventCountry "SVK"]
[SourceTitle "playchess.com"]
[Source "ChessBase"]
[SourceQuality "1"]
[TimeControl "600+5"]

1. c4 c5 2. Nc3 d6 3. g3 Nc6 4. Bg2 Bd7 5. Nf3 Nf6 6. O-O Qc8 7. Re1 Bh3 8. Bh1 g6 9. d4 cxd4 10. Nxd4 Ne5 11. b3 Bg7 12. Bb2 Neg4 13. Rc1 Nd7 14. Ne4 Bh6 15. Nb5 Qd8 16. Bxh8 Bxc1 17. Qxc1 f6 18. Nbxd6+ exd6 19. Nxd6+ Ke7 20. Qa3 Qc7 21. Nb5+ Qc5 22. Qxc5+ Nxc5 23. Bd5 Rxh8 24. e4 Nd3 25. Re2 Ndxf2 26. Rxf2 Nxf2 27. Kxf2 b6 28. Nd4 Kd6 29. Kf3 Re8 30. b4 a6 31. a4 f5 32. exf5 gxf5 33. Kf4 Rf8 34. a5 bxa5 35. bxa5 Kc5 36. Ne6+ 1-0

[Event "Skalica Rapid 2020"]
[Site "Skalica"]
[Date "2020.08.29"]
[Round "2.8"]
[White "Petran Peter"]
[Black "Pniaczek Marek"]
[Result "1-0"]
[ECO "A08"]
[WhiteElo "2219"]
[BlackElo "1969"]
[Annotator "ChessBase"]
[PlyCount "55"]
[EventDate "2020.08.29"]
[EventType "swiss"]
[EventCountry "SVK"]
[SourceTitle "playchess.com"]
[Source "ChessBase"]
[SourceQuality "1"]
[TimeControl "600+5"]

1. g3 Nf6 2. Bg2 d5 3. Nf3 g6 4. O-O Bg7 5. d3 O-O 6. Nbd2 c5 7. e4 Nc6 8. c3 e5 9. Re1 Re8 10. Qc2 b6 11. a4 Bb7 12. Nf1 Rc8 13. Bg5 d4 14. N1d2 Na5 15. Rad1 h6 16. Bxf6 Qxf6 17. Qb1 dxc3 18. bxc3 Red8 19. Nf1 h5 20. Ne3 Bh6 21. Nd5 Bxd5 22. exd5 Rxd5 23. c4 Rdd8 24. Nxe5 Re8 25. f4 Bxf4 26. gxf4 Qxf4 27. Qb2 Kh7 28. Re4 1-0

[Event "Skalica Rapid 2020"]
[Site "Skalica"]
[Date "2020.08.29"]
[Round "2.8"]
[White "Sevcikova, Lucia"]
[Black "Dubanova, Kristina"]
[Result "0-1"]
[ECO "C58"]
[WhiteElo "1801"]
[BlackElo "1128"]
[Annotator "NA"]
[PlyCount "59"]
[EventDate "2020.08.29"]
[EventType "swiss"]
[EventCountry "SVK"]
[SourceTitle "playchess.com"]
[Source "ChessBase"]
[SourceQuality "1"]
[TimeControl "600+5"]

1. e4 e5 2. Nf3 Nc6 3. Bc4 Nf6 4. Ng5 d5 5. exd5 Na5 6. Bb5+ c6 7. dxc6 Nxc6 8. Bxc6+ bxc6 9. d3 Bc5 10. Nc3 Bf5 11. Qf3 Qd7 12. Nge4 Nxe4 13. Nxe4 Bxe4 14. Qxe4 Qd6 15. O-O O-O 16. Re1 f6 17. Be3 Bb6 18. Rad1 f5 19. Qc4+ Kh8 20. a3 Rae8 21. Bxb6 axb6 22. Re3 Rf6 23. Rde1 Rh6 24. Qf7 Ree6 25. Rg3 Rhg6 26. Qxf5 Rgf6 27. Qg4 Rg6 28. Qe4 Rgf6 29. Rf3 Rg6 30. Rf5 0-1

[Event "Skalica Rapid 2020"]
[Site "Skalica"]
[Date "2020.08.29"]
[Round "2.9"]
[White "Majoros Rozsa Evelin"]
[Black "Matejovic Juraj"]
[Result "0-1"]
[ECO "B45"]
[WhiteElo "1936"]
[BlackElo "2219"]
[Annotator "ChessBase"]
[PlyCount "70"]
[EventDate "2020.08.29"]
[EventType "swiss"]
[EventCountry "SVK"]
[SourceTitle "playchess.com"]
[Source "ChessBase"]
[SourceQuality "1"]
[TimeControl "600+5"]

1. e4 c5 2. Nf3 e6 3. d4 cxd4 4. Nxd4 Nc6 5. Nb5 Nf6 6. N1c3 Bb4 7. a3 Bxc3+ 8. Nxc3 d5 9. exd5 exd5 10. Bd3 O-O 11. O-O d4 12. Ne4 Bf5 13. Bg5 Bxe4 14. Bxe4 h6 15. Bxf6 Qxf6 16. b4 Rac8 17. Re1 Rfd8 18. Qe2 d3 19. Bxd3 Nd4 20. Qe4 g6 21. Rad1 Kg7 22. h3 b6 23. Qe7 Rc3 24. a4 Nc6 25. Qe4 Rd4 26. Qe8 Nxb4 27. Qb8 Nxc2 28. Bxc2 Rxc2 29. Qg3 Rxa4 30. Rd6 Qg5 31. Qf3 Rf4 32. Qa3 Rcxf2 33. Qa1+ Kh7 34. g4 Qh4 35. Re3 Rf1+ 0-1

[Event "Skalica Rapid 2020"]
[Site "Skalica"]
[Date "2020.08.29"]
[Round "2.9"]
[White "Romanova, Ela"]
[Black "Stos, Radek"]
[Result "0-1"]
[ECO "B30"]
[WhiteElo "1529"]
[BlackElo "1790"]
[Annotator "NA"]
[PlyCount "62"]
[EventDate "2020.08.29"]
[EventType "swiss"]
[EventCountry "SVK"]
[SourceTitle "playchess.com"]
[Source "ChessBase"]
[SourceQuality "1"]
[TimeControl "600+5"]

1. e4 c5 2. Nf3 Nc6 3. Bb5 d6 4. c3 Bd7 5. d4 cxd4 6. cxd4 Nf6 7. Nc3 g6 8. O-O Bg7 9. Be3 O-O 10. Qd2 a6 11. Ba4 b5 12. Bb3 Na5 13. Bh6 Rc8 14. Bxg7 Kxg7 15. e5 Ng4 16. h3 Nh6 17. Rfe1 Nc4 18. Bxc4 Rxc4 19. b3 Rc8 20. exd6 exd6 21. Qf4 Rxc3 22. Qxd6 Rxf3 23. gxf3 Bxh3 24. Qe5+ Kg8 25. Kh2 Be6 26. Rad1 Qh4+ 27. Kg1 Nf5 28. Re4 Qh3 29. Rf4 Nh4 30. Qg5 Nxf3+ 31. Rxf3 Qxf3 0-1

[Event "Skalica Rapid 2020"]
[Site "Skalica"]
[Date "2020.08.29"]
[Round "2.10"]
[White "Abel Peter"]
[Black "Beres Tomas"]
[Result "1-0"]
[ECO "A39"]
[WhiteElo "2200"]
[BlackElo "1956"]
[Annotator "ChessBase"]
[PlyCount "99"]
[EventDate "2020.08.29"]
[EventType "swiss"]
[EventCountry "SVK"]
[SourceTitle "playchess.com"]
[Source "ChessBase"]
[SourceQuality "1"]
[TimeControl "600+5"]

1. c4 c5 2. Nc3 Nc6 3. g3 g6 4. Bg2 Bg7 5. Nf3 Nf6 6. d4 cxd4 7. Nxd4 O-O 8. O-O Nxd4 9. Qxd4 d6 10. Rd1 Nd7 11. Qd2 a5 12. Rb1 Nc5 13. e4 a4 14. Nd5 Bg4 15. f3 Be6 16. Qe2 Bxd5 17. Rxd5 Qa5 18. Kh1 Rab8 19. Bd2 Qa6 20. Be3 Rfc8 21. Bf1 Nd7 22. Rb5 b6 23. f4 Nc5 24. Bg2 Ne6 25. Rd1 Nc5 26. Bf3 Rc7 27. Kg2 Rbc8 28. Bf2 Nd7 29. b3 axb3 30. axb3 Nc5 31. Rd2 Ra7 32. Bg4 Rca8 33. Bf3 Rc8 34. b4 Na4 35. c5 Nc3 36. Rxb6 Nxe2 37. Rxa6 Rxa6 38. Bxe2 Ra4 39. cxd6 exd6 40. b5 Rxe4 41. Bf3 Rb4 42. Bc6 Rb8 43. Rxd6 R4xb5 44. Bxb5 Rxb5 45. Rd8+ Bf8 46. Bd4 f5 47. Be5 Kf7 48. Rd7+ Kg8 49. h4 Rc5 50. Rd8 1-0

[Event "Skalica Rapid 2020"]
[Site "Skalica"]
[Date "2020.08.29"]
[Round "2.11"]
[White "Danada Tomas"]
[Black "Jurakic Lukas"]
[Result "0-1"]
[ECO "A12"]
[WhiteElo "2122"]
[BlackElo "1918"]
[Annotator "ChessBase"]
[PlyCount "82"]
[EventDate "2020.08.29"]
[EventType "swiss"]
[EventCountry "SVK"]
[SourceTitle "playchess.com"]
[Source "ChessBase"]
[SourceQuality "1"]
[TimeControl "600+5"]

1. e3 Nf6 2. Nf3 d5 3. c4 c6 4. b3 Bg4 5. h3 Bxf3 6. gxf3 e5 7. Bb2 d4 8. f4 dxe3 9. dxe3 Bb4+ 10. Ke2 Qxd1+ 11. Kxd1 exf4 12. exf4 Nbd7 13. Ke2 O-O-O 14. Rg1 Rhe8+ 15. Kf3 g6 16. Nc3 Nc5 17. Rd1 Rxd1 18. Nxd1 Nfe4 19. a3 Be1 20. b4 Na4 21. Be5 Nd2+ 22. Kg3 f6 23. Bd4 Rd8 24. Bxa7 Nxf1+ 25. Rxf1 Rxd1 26. b5 cxb5 27. cxb5 b6 28. Kf3 Kb7 29. Bxb6 Kxb6 30. f5 gxf5 31. Rg1 Nc3 32. Rg7 Rd2 33. Rxh7 Rxf2+ 34. Ke3 f4+ 35. Kd3 Kxb5 36. Rh6 Nd5 37. Ke4 Kc4 38. h4 Re2+ 39. Kf3 Re3+ 40. Kg2 f3+ 41. Kf1 Bg3 0-1

[Event "Skalica Rapid 2020"]
[Site "Skalica"]
[Date "2020.08.29"]
[Round "2.11"]
[White "Gurevich, Michele"]
[Black "Kaplan, Milan"]
[Result "1-0"]
[ECO "B30"]
[WhiteElo "1107"]
[BlackElo "1762"]
[Annotator "NA"]
[PlyCount "59"]
[EventDate "2020.08.29"]
[EventType "swiss"]
[EventCountry "SVK"]
[SourceTitle "playchess.com"]
[Source "ChessBase"]
[SourceQuality "1"]
[TimeControl "600+5"]

1. e4 c5 2. Nf3 Nc6 3. Bc4 e6 4. O-O Nf6 5. d3 d5 6. Bb5 Be7 7. e5 Nd7 8. Bxc6 bxc6 9. d4 O-O 10. dxc5 Bxc5 11. Be3 Bxe3 12. fxe3 Qb6 13. Qe2 Qxb2 14. Nbd2 Qxc2 15. Rfc1 Qf5 16. Nd4 Qxe5 17. Rf1 c5 18. N4f3 Qh5 19. Qf2 Ba6 20. Rfe1 Rab8 21. e4 d4 22. Qg3 e5 23. Rad1 c4 24. Nb1 c3 25. Na3 Rb2 26. Rc1 Rxa2 27. Nc2 Bd3 28. Nb4 Rd2 29. Nxd2 cxd2 30. Nxd3 1-0

[Event "Skalica Rapid 2020"]
[Site "Skalica"]
[Date "2020.08.29"]
[Round "2.12"]
[White "Ihnat Marek"]
[Black "Cajka Tibor"]
[Result "0-1"]
[ECO "B45"]
[WhiteElo "1738"]
[BlackElo "2116"]
[Annotator "ChessBase"]
[PlyCount "24"]
[EventDate "2020.08.29"]
[EventType "swiss"]
[EventCountry "SVK"]
[SourceTitle "playchess.com"]
[Source "ChessBase"]
[SourceQuality "1"]
[TimeControl "600+5"]

1. e4 c5 2. Nc3 Nc6 3. Nf3 e6 4. d4 cxd4 5. Nxd4 Nf6 6. Ndb5 e5 7. Bg5 d6 8. Bxf6 Be7 9. Bg5 Bf8 10. Na3 Be7 11. Nd5 b5 12. Bf6 a6 0-1